 Dungeon Crawl Stone Soup version 0.20-a0-903-g7e3609c (webtiles) character file.

0 Denreik the Ducker (level 1, -1/11 HPs)
             Began as a Spriggan Abyssal Knight on Mar 20, 2017.
             Was a Follower of Lugonu.
             Slain by a fire bat (2 damage)
             ... on level 2 of the Abyss.
             The game lasted 00:06:29 (466 turns).

Denreik the Ducker (Spriggan Abyssal Knight)         Turns: 466, Time: 00:06:29

Health: -1/11      AC:  2    Str:  8    XL:     1   Next: 0%
Magic:  3/3        EV: 18    Int: 13    God:    Lugonu [*.....]
Gold:   62         SH:  0    Dex: 15    Spells: 0/0 levels left

rFire    . . .     SeeInvis +   f - +1 shortbow
rCold    . . .     Gourm    .   b - +0 robe
rNeg     . . .     Faith    .   (shield currently unavailable)
rPois    .         Spirit   .   (helmet restricted)
rElec    .         Reflect  .   (no cloak)
rCorr    .         Harm     .   (gloves unavailable)
MR       .....                  (boots unavailable)
Stlth    +.........             (no amulet)
Regen    0.1/turn               (no ring)
MPRegen  0.1/turn               (no ring)

@: very quick
A: unfitting armour, see invisible, herbivore 3, speed 3, slow metabolism 2
a: Depart the Abyss, Renounce Religion


You were on level 2 of the Abyss.
You worshipped Lugonu.
Lugonu was aware of your devotion.
You were not hungry.

You visited 0 branches of the dungeon, and saw 0 of its levels.
You visited the Abyss 1 time.

You collected 62 gold pieces.

Inventory:

Hand Weapons
 a - a +2 spear
 d - a +0 trident of venom
 f - a +1 shortbow (weapon)
Missiles
 h - 43 arrows (quivered)
 i - 12 sling bullets
Armour
 b - a +0 robe (worn)
Potions
 e - a potion of berserk rage
Comestibles
 c - 2 bread rations


   Skills:
 - Level 2.4 Fighting
 - Level 1.3 Polearms
 - Level 3.5 Dodging
 - Level 1.7 Invocations


You couldn't memorise any spells.
You didn't know any spells.

Dungeon Overview and Level Annotations

Branches:
Dungeon (0/15)

Altars:


Innate Abilities, Weirdness & Mutations

You are very small and have problems with some larger weapons.
You are too small for most types of armour.
You have supernaturally acute eyesight. (SInv)
You are a herbivore.
You cover ground extremely quickly.
You need consume almost no food.


Message History

The arrow barely misses the small abomination.
A fire bat comes into view.
The fire bat moves out of view.
An eye of draining comes into view.
The fire bat misses you. The fire bat barely misses you.
A tentacled starspawn comes into view.
The fire bat closely misses you. The fire bat closely misses you.
The fire bat completely misses you. The fire bat bites you.
You are engulfed in flames.
Ouch! That really hurt!
* * * LOW HITPOINT WARNING * * *
The fire bat bites you but does no damage.
The worldbinder calls forth creatures from the Elven Halls!
The fire bat misses you.
The deep elf mage casts a spell.
The deep elf mage blinks!
The fire bat bites you.
You die...

...###≈≈ .. ..#.. .≈≈≈≈G
... .. .......≈≈≈§≈ #..
.. .....##. .. #..#
.#..#... ...#
#..###..#.#..##..###
..#.....#.#..... #
#.###§...####..##..##
#..@..#...........#
#......#b#X.#.x..####...
.###......e.x#.#.# #.##.
#..#.###.e...#...#...
....#.. #. #.§###...##
.....##......#.##.#.#.#
..#... ###...#.##. .....
..... .###...###...(.
### . ..#...###.#


You could see a tentacled starspawn, a deep elf archer, a deep elf mage, a small
abomination and a fire bat.

Vanquished Creatures
  A lurking horror (Abyss:1)
1 creature vanquished.

Notes
Turn   | Place    | Note
-------+----------+-------------------------------------------
     0 | Abyss:1  | Denreik the Spriggan Abyssal Knight began the quest for the Orb.
     0 | Abyss:1  | Reached XP level 1. HP: 11/11 MP: 3/3
   153 | Abyss:1  | Noticed a lich
   159 | Abyss:1  | Noticed a small abomination
   259 | Abyss:2  | Noticed an ancient zyme
   270 | Abyss:2  | Noticed an apocalypse crab
   275 | Abyss:2  | Noticed a wretched star
   275 | Abyss:2  | Noticed a large abomination
   286 | Abyss:2  | Noticed a neqoxec
   292 | Abyss:2  | Noticed a thrashing horror
   293 | Abyss:2  | Noticed an ice beast
   312 | Abyss:2  | Noticed an ancient zyme
   330 | Abyss:2  | Noticed a chaos spawn
   343 | Abyss:2  | Noticed a balrug
   345 | Abyss:2  | Noticed a small abomination
   370 | Abyss:2  | Noticed a starcursed mass
   383 | Abyss:2  | Noticed a starcursed mass
   395 | Abyss:2  | Noticed a large abomination
   412 | Abyss:2  | Noticed a hungry ghost
   412 | Abyss:2  | Noticed a worldbinder
   412 | Abyss:2  | Noticed a large abomination
   421 | Abyss:2  | Noticed a large abomination
   428 | Abyss:2  | Noticed a small abomination
   451 | Abyss:2  | Noticed a fire bat
   456 | Abyss:2  | Noticed an eye of draining
   458 | Abyss:2  | Noticed a tentacled starspawn
   464 | Abyss:2  | Noticed a deep elf mage
   464 | Abyss:2  | Noticed a deep elf archer
   466 | Abyss:2  | Slain by a fire bat

Vault maps used:
Abyss:2:  lemuel_flamethrower_2, serial_sigils_hangedman_gut

Action                   || total
-------------------------++-------
Melee: Trident           ||     4
       Spear             ||     1
 Fire: Shortbow          ||     3
  Use: Scroll            ||     6
Armor: Robe              ||     1
Dodge: Dodged            ||     8
